 Dungeon Crawl Stone Soup version 0.28.0-43-g3370ac3207 (webtiles) character file.

Game seed: 11557714445268507260

508 Eitelfritz the Cudgeller (level 6, -2/79 HPs)
             Began as a Minotaur Gladiator on Mar 9, 2022.
             Succumbed to a water moccasin's poison
             ... on level 5 of the Dungeon.
             The game lasted 00:07:16 (4163 turns).

Eitelfritz the Cudgeller (Minotaur Gladiator)       Turns: 4163, Time: 00:07:17

Health: -2/79      AC: 23    Str: 19    XL:     6   Next: 98%
Magic:  5/5        EV:  2    Int:  7    God:
Gold:   81         SH:  0    Dex: 11    Spells: 5/5 levels left

rFire   . . .      SeeInvis .   a - +1 whip (elec)
rCold   . . .      Faith    .   (no shield)
rNeg    . . .      Spirit   .   (armour currently unavailable)
rPois   +          Reflect  .   (helmet currently unavailable)
rElec   .          Harm     .   (cloak currently unavailable)
rCorr   .          Rampage  .   (gloves currently unavailable)
Will    .....      NoTele   +   (boots currently unavailable)
Stlth   ++........              (no amulet)
HPRegen 0.23/turn               (no ring)
MPRegen 0.09/turn               (no ring)

@: lethally poisoned (-2 -> -19), tree-form
A: stationary, stasis, torment immunity, boosted hp, (horns 2), (retaliatory
headbutt)
a: no special abilities


You were on level 5 of the Dungeon.
You were a tree.
You visited 1 branch of the dungeon, and saw 5 of its levels.

You collected 174 gold pieces.
You spent 93 gold pieces at shops.

Inventory:

Hand Weapons
 a - a +1 whip of electrocution (weapon)
 j - a +4 halberd
 m - a +3 morningstar
 n - a +0 hand crossbow
Armour
 b - a +0 leather armour
 c - a +0 hat (melded)
 i - an orb of mayhem
 l - a +0 scale mail (melded)
 o - a +0 pair of boots (melded)
Scrolls
 e - a scroll of immolation
 f - a scroll of amnesia {unknown}
 h - a scroll of enchant weapon {unknown}
Potions
 g - 2 potions of might


   Skills:
 + Level 4.6 Fighting
 + Level 5.8 Maces & Flails
 + Level 2.1 Throwing
 + Level 4.2 Armour
 + Level 4.5 Dodging
 + Level 1.6 Stealth


You had 5 spell levels left.
You didn't know any spells.
Your spell library contained the following spells:

 Spells                   Type           Power      Damage    Failure   Level
 Frozen Ramparts          Ice            0%         1d2       80%         3
 Ice Form                 Ice/Tmut       0%         N/A       99%         4
 Summon Ice Beast         Ice/Summ       0%         N/A       99%         4
 Summon Mana Viper        Hex/Summ       0%         N/A       100%        5
 Monstrous Menagerie      Summ           0%         N/A       100%        7


Dungeon Overview and Level Annotations

Branches:
Dungeon (5/15)
 Temple: D:4-7

Altars:
Gozag
Vehumet

Shops:
D:5 [


Innate Abilities, Weirdness & Mutations

You are a tree.
Your roots penetrate the ground, keeping you stationary.
You cannot be teleported.
You are immune to unholy pain and torment.
Your maximum health is greatly increased.
Your equipment is partially melded.
((You have a pair of horns on your head.))
((You reflexively headbutt those who attack you in melee.))


Message History

You feel very sick. The water moccasin barely misses you.
You closely miss the water moccasin.
Your headbutt misses the water moccasin.
The water moccasin is almost dead.
You feel very sick.
The water moccasin bites you but does no damage.
You closely miss the water moccasin.
Your headbutt misses the water moccasin.
The water moccasin is almost dead.
* * * LOW HITPOINT WARNING * * *
You feel very sick. The water moccasin closely misses you.
You barely miss the water moccasin.
The water moccasin is almost dead.
* * * LOW HITPOINT WARNING * * *
You feel sick. The water moccasin closely misses you. You furiously retaliate!
You headbutt the water moccasin. You closely miss the water moccasin.
The water moccasin is almost dead.
* * * LOW HITPOINT WARNING * * *
You feel sick. The water moccasin closely misses you.
You barely miss the water moccasin.
The water moccasin is almost dead.
* * * LOW HITPOINT WARNING * * *
You feel sick. The water moccasin bites you.
* * * LOW HITPOINT WARNING * * *
You are more poisoned.
The water moccasin poisons you! The water moccasin misses you.
It was a potion of lignification.
You turn into a tree.
Your +0 hat melds into your body.
Your +0 pair of boots melds into your body.
Your +0 scale mail melds into your body.
Your roots penetrate the ground.
* * * LOW HITPOINT WARNING * * *
You feel very sick.
The water moccasin bites you but does no damage.
You hit the water moccasin but do no damage.
The water moccasin is almost dead.
You die...

........#........#
###..##........#.#
#.... #.####.....#
..## #......#.#.#
#......(.#.#
#......###.#
#........#.#
#.#..#.#.#.# #
#..#.#♣#.#
#..#.#S#.#
....#.#h#
$.S##.#..(# #.#.
#.#.### .. .
#..(....# . ..
###h##### .. ..#
#.#


You could see a water moccasin and a hound.

Vanquished Creatures
  A hornet zombie (D:3)
  A phantom (D:3)
  A water moccasin skeleton (D:4)
  A hound (D:4)
  An orc priest (D:4)
  An iguana (D:3)
  2 orc wizards
  5 adders
  3 gnolls
  An ufetubus (D:4)
  A dart slug (D:3)
  11 orcs
  8 ball pythons
  5 endoplasms
  A giant cockroach (D:2)
  4 goblins
  7 hobgoblins
  4 jackals (D:1)
  A quokka (D:3)
  2 bats (D:2)
  2 frilled lizards
  6 kobolds
  5 rats
74 creatures vanquished.

Vanquished Creatures (others)
  2 plants (D:2)
2 creatures vanquished.

Grand Total: 76 creatures vanquished

Notes
Turn   | Place    | Note
-------+----------+-------------------------------------------
     0 | D:1      | Eitelfritz the Minotaur Gladiator began the quest for the
                  | Orb.
     0 | D:1      | Reached XP level 1. HP: 18/18 MP: 0/0
    30 | D:1      | Reached XP level 2. HP: 23/25 MP: 1/1
   183 | D:1      | Reached skill level 4 in Maces & Flails
   359 | D:1      | Found a faded altar of an unknown god.
   731 | D:1      | Reached XP level 3. HP: 17/30 MP: 2/2
   860 | D:1      | Reached skill level 1 in Armour
  1435 | D:2      | Reached XP level 4. HP: 38/38 MP: 3/3
  2273 | D:3      | Reached XP level 5. HP: 19/46 MP: 4/4
  3142 | D:3      | Reached XP level 6. HP: 25/52 MP: 5/5
  3306 | D:3      | Found an opulent altar of Gozag.
  3325 | D:3      | Reached skill level 5 in Maces & Flails
  3325 | D:3      | Reached skill level 1 in Stealth
  3483 | D:3      | Found a radiant altar of Vehumet.
  4079 | D:5      | Entered Level 5 of the Dungeon
  4079 | D:5      | Found Umel's Armour Shoppe.
  4090 | D:5      | Bought a +0 scale mail for 44 gold pieces
  4090 | D:5      | Bought a +0 pair of boots for 49 gold pieces
  4138 | D:5      | Noticed a water moccasin
  4162 | D:5      | HP: 2/79 [poisoned by a water moccasin]
  4163 | D:5      | Succumbed to a water moccasin's poison

Illustrated notes

Levels and vault maps discovered:
D:1:      tarquinn_simple_flora_water_d, layout_rooms,
          ebering_ecumenical_altar_ruins
D:2:      layout_basic, minmay_misc_feat_rugged, nicolae_grassy_gnolls
D:3:      layout_loops_ring, mainiacjoe_overflow_swirl
D:4:      layout_cave_pools, serial_column_ruins,
          column_ruins_corridor_dead_end, column_ruins_columns_plus,
          column_ruins_open_small, column_ruins_open_small
D:5:      layout_basic, lemuel_coloured_pillars_altar,
          minmay_temple_entry_drinking_statues, serial_shops,
          nicolae_diamond_shop, chequers_serial_rivers_room_a,
          serial_bayou_pond_a, minmay_hollow_rounded_squares

Skill      XL: |  1  2  3  4  5  6 |
---------------+-------------------+-----
Maces & Flails | 4 5 |  5.8
Armour         | 2 3 4 |  4.2
Fighting       | 3 4 |  4.6
Dodging        | 4 |  4.5
Stealth        | 1 |  1.6
Throwing       | |  2.1

Action                   |  1- 3 |  4- 6 || total
-------------------------+-------+-------++-------
Melee: Flail             |    33 |       ||    33
       Headbutt          |     9 |    23 ||    32
       Whip              |    16 |   135 ||   151
       Punch             |       |     1 ||     1
Throw: Throwing net      |       |     3 ||     3
  Use: Scroll            |       |     4 ||     4
       Potion            |       |     1 ||     1
 Stab: Sleeping          |       |     1 ||     1
Armor: Leather armour    |    12 |    17 ||    29
       Scale mail        |       |     4 ||     4
       Skin              |       |     1 ||     1
Dodge: Dodged            |    27 |    63 ||    90
